APP
CHICAGO (APP) CUBS @ GRAND JUNCTION ROCKIES
08/20/2046
 
TOP OF THE 1ST
Chicago (APP) Cubs batting - Pitching for Grand Junction Rockies : RHP Matt Morales
Pitching: RHP Matt Morales
Batting: RHB Adrian Cox 0-0: Called Strike
0-1: Ground out 5-3 (Groundball, 5, EV 97.5 MPH)
Batting: LHB Hiroki Yamamoto 0-0: Foul Ball, location: 2F
0-1: Called Strike
0-2: Ball
1-2: Ball
2-2: Foul Ball, location: 2F
2-2: Ground out 4-3 (Groundball, 34, EV 91.2 MPH)
Batting: RHB Mike Hill 0-0: Called Strike
0-1: Fly out, F7 (Line Drive, 7S, EV 90.6 MPH)
Top of the 1st over - 0 runs, 0 hits, 0 errors, 0 left on base; Chicago (APP) 0 - Grand Junction 0
BOTTOM OF THE 1ST
Grand Junction Rockies batting - Pitching for Chicago (APP) Cubs : RHP Bogdan Sdobnyakov
Pitching: RHP Bogdan Sdobnyakov
Batting: RHB John Stevenson 0-0: Foul Ball, location: 2F
0-1: Called Strike
0-2: Ball
1-2: Ball
2-2: Ball
3-2: SOLO HOME RUN (Flyball, 89XD, EV 115.0 MPH), Distance : 446 ft
Batting: LHB Luke Coulter 0-0: SINGLE (Flyball, 5D, EV 90.6 MPH)
Batting: RHB Ryan Rinaldi 0-0: Ball
Luke Coulter steals 2nd base
1-0: Foul Ball, location: 2F
1-1: Ball
2-1: Ball
3-1: Ground out 5-3 (Groundball, 5, EV 82.5 MPH)
Batting: RHB Ray Insley 0-0: SINGLE (Flyball, 7LS, EV 89.4 MPH)
Luke Coulter to third
Runner from 3rd tries for Home, SAFE, throw by LF to home
Batting: LHB Harry Folsom 0-0: Ball
1-0: Swinging Strike
1-1: Called Strike
Ray Insley steals 2nd base
1-2: Ball
2-2: Fly out, F9 (Flyball, 9D, EV 90.0 MPH)
Runner from 2nd tags up, SAFE at 3rd, no throw by RF
Batting: SHB Jamie Mims 0-0: Foul Ball, location: 2F
0-1: Foul Ball, location: 2F
0-2: Foul Ball, location: 2F
0-2: Ground out U3 (Groundball, 3S, EV 84.4 MPH)
Bottom of the 1st over - 2 runs, 3 hits, 0 errors, 1 left on base; Chicago (APP) 0 - Grand Junction 2
TOP OF THE 2ND
Chicago (APP) Cubs batting - Pitching for Grand Junction Rockies : RHP Matt Morales
Batting: RHB T.J. Garrison 0-0: Called Strike
0-1: Called Strike
0-2: Ball
1-2: Ball
2-2: Ball
3-2: Fly out, F8 (Flyball, 89D, EV 101.2 MPH)
Batting: RHB Dustin Goldsborough 0-0: Called Strike
0-1: Called Strike
0-2: Ground out 5-3 (Groundball, 5, EV 101.2 MPH)
Batting: RHB Andy Baumhardt 0-0: Foul Ball, location: 2F
0-1: Ball
1-1: Ball
2-1: Ball
3-1: Called Strike
3-2: Foul Ball, location: 2F
3-2: Base on Balls
Batting: LHB Tom Mooney 0-0: Called Strike
0-1: Ball
1-1: Fielders Choice at 2nd, 6-4 (Groundball, 6, EV 91.2 MPH)
Top of the 2nd over - 0 runs, 0 hits, 0 errors, 1 left on base; Chicago (APP) 0 - Grand Junction 2
BOTTOM OF THE 2ND
Grand Junction Rockies batting - Pitching for Chicago (APP) Cubs : RHP Bogdan Sdobnyakov
Batting: RHB Zakhar Edelman 0-0: Ball
1-0: Ball
2-0: Called Strike
2-1: Swinging Strike
2-2: Ball
3-2: SINGLE (Line Drive, 4MD, EV 107.5 MPH)
Batting: RHB Willie Benito 0-0: Called Strike
Zakhar Edelman steals 2nd, throwing error, E2
Zakhar Edelman to third
0-1: Called Strike
0-2: Ball
1-2: Ball
2-2: Ball
3-2: Reached on error, E3 (Groundball, 34S, EV 88.1 MPH)
Zakhar Edelman scores
Batting: RHB Jerry Edmiston 0-0: Ball
1-0: Ball
2-0: Ball
3-0: Called Strike
3-1: Base on Balls
Willie Benito to second
Batting: RHB John Stevenson 0-0: Called Strike
0-1: Ball
1-1: SINGLE (Line Drive, 9S, EV 91.9 MPH)
Willie Benito to third
Jerry Edmiston to second
Runner from 3rd tries for Home, throw by RF and OUT! 9-2
Batting: LHB Luke Coulter 0-0: Ball
1-0: Ball
2-0: Foul Ball, location: 2F
2-1: Called Strike
2-2: Strikes out swinging
Batting: RHB Ryan Rinaldi 0-0: Ball
1-0: Ball
2-0: Ball
3-0: Base on Balls
Jerry Edmiston to third
John Stevenson to second
Batting: RHB Ray Insley 0-0: Called Strike
0-1: DOUBLE (Flyball, 78XD, EV 106.9 MPH)
Jerry Edmiston scores
John Stevenson scores
Ryan Rinaldi to third
Runner from 3rd tries for Home, throw by LF and OUT! 7-6-2
Bottom of the 2nd over - 3 runs, 3 hits, 2 errors, 1 left on base; Chicago (APP) 0 - Grand Junction 5
TOP OF THE 3RD
Chicago (APP) Cubs batting - Pitching for Grand Junction Rockies : RHP Matt Morales
Batting: LHB Velimir Sljivancanin 0-0: Foul Ball, location: 2F
0-1: Called Strike
0-2: Ball
1-2: Strikes out swinging
Batting: RHB Ricardo Saucedo 0-0: Ground out U3 (Groundball, 34S, EV 78.1 MPH)
Batting: RHB Adrian Cox 0-0: Ball
1-0: Foul Ball, location: 2F
1-1: Swinging Strike
1-2: Ball
2-2: Strikes out swinging
Top of the 3rd over - 0 runs, 0 hits, 0 errors, 0 left on base; Chicago (APP) 0 - Grand Junction 5
BOTTOM OF THE 3RD
Grand Junction Rockies batting - Pitching for Chicago (APP) Cubs : RHP Bogdan Sdobnyakov
Batting: LHB Harry Folsom 0-0: Ball
1-0: Foul Ball, location: 2F
1-1: Foul Ball, location: 2F
1-2: Ball
2-2: Strikes out swinging
Pitching: RHP Trevor Woodbury
Batting: SHB Jamie Mims 0-0: Ball
1-0: Foul Ball, location: 2F
1-1: Ball
2-1: SINGLE (Groundball, 6MS, EV 69.4 MPH) (infield hit)
Batting: RHB Zakhar Edelman 0-0: Ball
1-0: Ball
2-0: Ball
3-0: Base on Balls
Jamie Mims to second
Batting: RHB Willie Benito 0-0: Ball
1-0: Foul Ball, location: 2F
1-1: Foul Ball, location: 2F
1-2: SINGLE (Groundball, 56D, EV 95.0 MPH)
Jamie Mims to third
Zakhar Edelman to second
Runner from 3rd tries for Home, SAFE, throw by LF to home
Batting: RHB Jerry Edmiston 0-0: Called Strike
0-1: Ball
1-1: Foul Ball, location: 2F
1-2: Ball
2-2: SINGLE (Groundball, 4MD, EV 100.0 MPH)
Zakhar Edelman to third
Willie Benito to second
Runner from 3rd tries for Home, SAFE, throw by CF to home
Batting: RHB John Stevenson 0-0: Ball
1-0: Ball
2-0: Swinging Strike
2-1: Called Strike
2-2: Ball
3-2: Base on Balls
Willie Benito to third
Jerry Edmiston to second
Batting: LHB Luke Coulter 0-0: Ball
1-0: DOUBLE (Line Drive, 8RXD, EV 109.4 MPH)
Willie Benito scores
Jerry Edmiston scores
John Stevenson to third
Runner from 3rd tries for Home, SAFE, throw by CF to home
Pitching: RHP Roberto Cruz
Batting: RHB Ryan Rinaldi 0-0: Ball
1-0: Fly out, F9 (Flyball, 9D, EV 100.0 MPH)
Runner from 2nd tags up, SAFE at 3rd, no throw by RF
Batting: RHB Ray Insley 0-0: Ball
1-0: Ball
2-0: Called Strike
2-1: Ball
3-1: Base on Balls
Batting: LHB Harry Folsom 0-0: Called Strike
0-1: Ball
1-1: Swinging Strike
1-2: 3-RUN HOME RUN (Line Drive, 89XD, EV 112.5 MPH), Distance : 453 ft
Batting: SHB Jamie Mims 0-0: Ball
1-0: Ball
2-0: Ball
3-0: Called Strike
3-1: Foul Ball, location: 2F
3-2: Base on Balls
Batting: RHB Zakhar Edelman 0-0: Ball
1-0: Swinging Strike
1-1: Called Strike
1-2: Fly out, F9 (Flyball, 89S, EV 79.4 MPH)
Bottom of the 3rd over - 8 runs, 5 hits, 0 errors, 1 left on base; Chicago (APP) 0 - Grand Junction 13
TOP OF THE 4TH
Chicago (APP) Cubs batting - Pitching for Grand Junction Rockies : RHP Matt Morales
Batting: LHB Hiroki Yamamoto 0-0: Ball
1-0: Called Strike
1-1: Foul Ball, location: 2F
1-2: Ball
2-2: Ball
3-2: Foul Ball, location: 2F
3-2: Base on Balls
Batting: RHB Mike Hill 0-0: Called Strike
0-1: Called Strike
0-2: Foul Ball, location: 2F
0-2: Strikes out swinging
Batting: RHB T.J. Garrison 0-0: Called Strike
0-1: Ball
Passed Ball!
Hiroki Yamamoto to second
1-1: Ball
2-1: Swinging Strike
2-2: Strikes out swinging
Batting: RHB Dustin Goldsborough 0-0: Called Strike
0-1: Foul Ball, location: 2F
0-2: Ball
1-2: Foul Ball, location: 2F
1-2: Foul Ball, location: 2F
1-2: Ball
2-2: Foul Ball, location: 2F
2-2: Ball
3-2: Strikes out looking
Top of the 4th over - 0 runs, 0 hits, 0 errors, 1 left on base; Chicago (APP) 0 - Grand Junction 13
BOTTOM OF THE 4TH
Grand Junction Rockies batting - Pitching for Chicago (APP) Cubs : RHP Roberto Cruz
Pitching: RHP Jose Mata
Batting: RHB Willie Benito 0-0: Ball
1-0: Ball
2-0: Foul Ball, location: 2F
2-1: Ball
3-1: Called Strike
3-2: Foul Ball, location: 2F
3-2: SINGLE (Groundball, 4M, EV 98.1 MPH) (infield hit)
Batting: RHB Jerry Edmiston 0-0: Ball
1-0: Ball
2-0: Ball
3-0: Base on Balls
Willie Benito to second
Batting: RHB John Stevenson 0-0: Called Strike
0-1: Ball
1-1: 3-RUN HOME RUN (Line Drive, 7D, EV 111.2 MPH), Distance : 401 ft
Batting: LHB Luke Coulter 0-0: Ball
1-0: Called Strike
1-1: Ball
2-1: DOUBLE (Line Drive, 78D, EV 108.8 MPH)
Pitching: RHP Anastagio Fasola
Batting: RHB Ryan Rinaldi 0-0: Ball
1-0: Ball
2-0: Called Strike
2-1: Foul Ball, location: 2F
2-2: Strikes out looking
Batting: RHB Ray Insley 0-0: Ball
1-0: Ball
2-0: Called Strike
2-1: Ball
3-1: Ground out 6-3 (Groundball, 6, EV 82.5 MPH)
Luke Coulter to third
Batting: LHB Harry Folsom 0-0: Ball
1-0: Ground out 6-3 (Groundball, 6M, EV 80.0 MPH)
Bottom of the 4th over - 3 runs, 3 hits, 0 errors, 1 left on base; Chicago (APP) 0 - Grand Junction 16
TOP OF THE 5TH
Chicago (APP) Cubs batting - Pitching for Grand Junction Rockies : RHP Matt Morales
Batting: RHB Andy Baumhardt 0-0: Called Strike
0-1: SINGLE (Line Drive, 9LS, EV 86.2 MPH)
Batting: LHB Tom Mooney 0-0: Ball
1-0: Ball
2-0: Called Strike
2-1: Swinging Strike
2-2: Strikes out swinging
Batting: LHB Velimir Sljivancanin 0-0: Ball
Andy Baumhardt steals 2nd base
1-0: Swinging Strike
1-1: Swinging Strike
1-2: Ball
2-2: Strikes out swinging
Batting: RHB Ricardo Saucedo 0-0: Foul Ball, location: 2F
0-1: Foul Ball, location: 2F
0-2: Fly out, F3 (Line Drive, 3, EV 70.0 MPH)
Top of the 5th over - 0 runs, 1 hit, 0 errors, 1 left on base; Chicago (APP) 0 - Grand Junction 16
BOTTOM OF THE 5TH
Grand Junction Rockies batting - Pitching for Chicago (APP) Cubs : RHP Anastagio Fasola
Batting: SHB Jamie Mims 0-0: Foul Ball, location: 2F
0-1: Called Strike
0-2: Ball
1-2: SOLO HOME RUN (Flyball, 89XD, EV 101.9 MPH), Distance : 432 ft
Batting: RHB Zakhar Edelman 0-0: Ball
1-0: SINGLE (Popup, 6MD, EV 47.5 MPH)
Batting: RHB Willie Benito 0-0: Ball
1-0: Ball
2-0: Ball
3-0: Called Strike
3-1: Base on Balls
Zakhar Edelman to second
Batting: RHB Jerry Edmiston 0-0: Called Strike
0-1: Foul Ball, location: 2F
0-2: Ball
1-2: Ball
2-2: Ball
3-2: Foul Ball, location: 2F
3-2: Reached on error, E4 (Groundball, 4, EV 88.1 MPH)
Zakhar Edelman to third
Willie Benito to second
Batting: RHB John Stevenson 0-0: Ball
1-0: Fly out, F9 (Flyball, 9, EV 91.9 MPH)
Runner from 3rd tags up, SCORES, no throw by RF
Batting: LHB Luke Coulter 0-0: Ball
1-0: Foul Ball, location: 2F
1-1: Ball
2-1: TRIPLE (Line Drive, 89XD, EV 100.6 MPH)
Willie Benito scores
Jerry Edmiston scores
Batting: RHB Ryan Rinaldi 0-0: Ball
1-0: Ball
2-0: Ball
3-0: Called Strike
3-1: Foul Ball, location: 2F
3-2: DOUBLE (Line Drive, 9LM, EV 106.2 MPH)
Luke Coulter scores
Batting: RHB Ray Insley 0-0: Called Strike
0-1: Ball
1-1: Ball
2-1: Foul Ball, location: 2F
2-2: 2-RUN HOME RUN (Flyball, 78XD, EV 109.4 MPH), Distance : 429 ft
Batting: LHB Harry Folsom 0-0: Ground out 4-3 (Groundball, 4, EV 96.2 MPH)
Batting: SHB Jamie Mims 0-0: Ball
1-0: Called Strike
1-1: Ball
2-1: Swinging Strike
2-2: Ball
3-2: Foul Ball, location: 2F
3-2: Foul Ball, location: 2F
3-2: Base on Balls
Batting: RHB Zakhar Edelman 0-0: Foul Ball, location: 2F
0-1: Ball
1-1: Foul Ball, location: 2F
1-2: Ball
2-2: Ball
3-2: 2-RUN HOME RUN (Flyball, 7LD, EV 94.4 MPH), Distance : 352 ft
Batting: RHB Willie Benito 0-0: SOLO HOME RUN (Flyball, 7LD, EV 100.0 MPH), Distance : 353 ft
Batting: RHB Jerry Edmiston 0-0: DOUBLE (Line Drive, 78XD, EV 104.4 MPH)
Batting: RHB John Stevenson 0-0: Ground out U3 (Groundball, 34, EV 101.2 MPH)
Bottom of the 5th over - 10 runs, 8 hits, 1 error, 1 left on base; Chicago (APP) 0 - Grand Junction 26
TOP OF THE 6TH
Chicago (APP) Cubs batting - Pitching for Grand Junction Rockies : RHP Matt Morales
Pitching: RHP Manny Lebron
Batting: RHB Adrian Cox 0-0: Called Strike
0-1: Called Strike
0-2: Ball
1-2: Ball
2-2: Foul Ball, location: 2F
2-2: Strikes out looking
Batting: LHB Hiroki Yamamoto 0-0: Called Strike
0-1: Ball
1-1: Ball
2-1: Swinging Strike
2-2: Strikes out swinging
Batting: RHB Mike Hill 0-0: Ball
1-0: Foul Ball, location: 2F
1-1: Called Strike
1-2: Strikes out looking
Top of the 6th over - 0 runs, 0 hits, 0 errors, 0 left on base; Chicago (APP) 0 - Grand Junction 26
BOTTOM OF THE 6TH
Grand Junction Rockies batting - Pitching for Chicago (APP) Cubs : RHP Anastagio Fasola
Batting: LHB Luke Coulter 0-0: SOLO HOME RUN (Line Drive, 89XD, EV 115.6 MPH), Distance : 446 ft
Batting: RHB Ryan Rinaldi 0-0: Swinging Strike
0-1: Fly out, F9 (Flyball, 9LM, EV 81.2 MPH)
Batting: RHB Ray Insley 0-0: Called Strike
0-1: SOLO HOME RUN (Flyball, 7LD, EV 91.9 MPH), Distance : 355 ft
Batting: LHB Harry Folsom 0-0: Ball
1-0: Ball
2-0: Ball
3-0: Base on Balls
Batting: SHB Jamie Mims 0-0: Called Strike
0-1: Fielders Choice at 2nd, 4-6 (Groundball, 4, EV 89.4 MPH)
Batting: RHB Zakhar Edelman 0-0: Ball
1-0: Ball
2-0: Ball
3-0: Base on Balls
Jamie Mims to second
Batting: RHB Willie Benito 0-0: Fly out, F7 (Flyball, 7, EV 90.0 MPH)
Bottom of the 6th over - 2 runs, 2 hits, 0 errors, 2 left on base; Chicago (APP) 0 - Grand Junction 28
TOP OF THE 7TH
Chicago (APP) Cubs batting - Pitching for Grand Junction Rockies : RHP Manny Lebron
Batting: RHB T.J. Garrison 0-0: Called Strike
0-1: Swinging Strike
0-2: Foul Ball, location: 2F
0-2: Strikes out swinging
Batting: RHB Dustin Goldsborough 0-0: Fly out, F7 (Flyball, 7S, EV 94.4 MPH)
Batting: RHB Andy Baumhardt 0-0: Called Strike
0-1: Foul Ball, location: 2F
0-2: Ball
1-2: Ball
2-2: Strikes out swinging
Top of the 7th over - 0 runs, 0 hits, 0 errors, 0 left on base; Chicago (APP) 0 - Grand Junction 28
BOTTOM OF THE 7TH
Grand Junction Rockies batting - Pitching for Chicago (APP) Cubs : RHP Anastagio Fasola
Batting: RHB Jerry Edmiston 0-0: Reached on error, E6 (Groundball, 6, EV 100.0 MPH)
Batting: RHB John Stevenson 0-0: Foul Ball, location: 2F
0-1: Ball
1-1: Foul Ball, location: 2F
1-2: Fly out, F9 (Flyball, 9, EV 83.8 MPH)
Batting: LHB Luke Coulter 0-0: Ball
1-0: Ground out 6-3 (Groundball, 6, EV 103.1 MPH)
Batting: RHB Ryan Rinaldi 0-0: Ball
1-0: Ball
2-0: 2-RUN HOME RUN (Flyball, 89XD, EV 109.4 MPH), Distance : 434 ft
Batting: RHB Ray Insley 0-0: Ground out 6-3 (Groundball, 6, EV 101.9 MPH)
Bottom of the 7th over - 2 runs, 1 hit, 1 error, 0 left on base; Chicago (APP) 0 - Grand Junction 30
TOP OF THE 8TH
Chicago (APP) Cubs batting - Pitching for Grand Junction Rockies : RHP Manny Lebron
Batting: LHB Tom Mooney 0-0: SINGLE (Line Drive, 5D, EV 98.8 MPH)
Pitching: RHP Jerry Dunne
Batting: LHB Velimir Sljivancanin 0-0: Bunt missed!
0-1: Bunt missed!
0-2: Bunt missed, Strikeout!
Batting: RHB Ricardo Saucedo 0-0: Reached on error, E1 (Groundball, 13, EV 43.8 MPH)
Tom Mooney to second
Batting: RHB Adrian Cox 0-0: Foul Ball, location: 2F
0-1: Swinging Strike
0-2: SINGLE (Groundball, 56D, EV 98.1 MPH)
Tom Mooney to third
Ricardo Saucedo to second
Batting: LHB Hiroki Yamamoto 0-0: Ball
1-0: Foul Ball, location: 2F
1-1: Foul Ball, location: 2F
1-2: Ball
2-2: Foul Ball, location: 2F
2-2: Strikes out swinging
Batting: RHB Mike Hill 0-0: Fly out, F9 (Flyball, 9D, EV 107.5 MPH)
Top of the 8th over - 0 runs, 2 hits, 1 error, 3 left on base; Chicago (APP) 0 - Grand Junction 30
BOTTOM OF THE 8TH
Grand Junction Rockies batting - Pitching for Chicago (APP) Cubs : RHP Anastagio Fasola
Batting: LHB Harry Folsom 0-0: Ball
1-0: Fly out, F8 (Flyball, 8RM, EV 83.8 MPH)
Batting: SHB Jamie Mims 0-0: Called Strike
0-1: Ball
1-1: Ball
2-1: SINGLE (Groundball, 6, EV 104.4 MPH)
Batting: RHB Zakhar Edelman 0-0: Reached on error, E5 (Groundball, 56, EV 89.4 MPH)
Jamie Mims to second
Batting: RHB Willie Benito 0-0: Reached on error, E3 (Groundball, 3, EV 85.0 MPH)
Jamie Mims to third
Zakhar Edelman to second
Batting: RHB Jerry Edmiston 0-0: Fielders Choice at 3rd, U5 (Groundball, 5L, EV 102.5 MPH)
Jamie Mims scores
Willie Benito to second
Batting: RHB John Stevenson 0-0: Ball
1-0: Foul Ball, location: 2F
1-1: Ball
2-1: Ball
3-1: Base on Balls
Willie Benito to third
Jerry Edmiston to second
Batting: LHB Luke Coulter 0-0: Fielders Choice at 2nd, U4 (Groundball, 4M, EV 87.5 MPH)
Bottom of the 8th over - 1 run, 1 hit, 2 errors, 3 left on base; Chicago (APP) 0 - Grand Junction 31
TOP OF THE 9TH
Chicago (APP) Cubs batting - Pitching for Grand Junction Rockies : RHP Jerry Dunne
Batting: RHB T.J. Garrison 0-0: Called Strike
0-1: Swinging Strike
0-2: SOLO HOME RUN (Flyball, 7LD, EV 95.0 MPH), Distance : 346 ft
Batting: RHB Dustin Goldsborough 0-0: Ball
1-0: Called Strike
1-1: Ball
2-1: Ball
3-1: Fly out, F8 (Flyball, 8LD, EV 94.4 MPH)
Batting: RHB Andy Baumhardt 0-0: Foul Ball, location: 2F
0-1: Ball
1-1: Ball
2-1: Fly out, F9 (Flyball, 9LS, EV 86.2 MPH)
Batting: LHB Tom Mooney 0-0: Ball
1-0: Called Strike
1-1: Foul Ball, location: 2F
1-2: Ground out U3 (Groundball, 3, EV 107.5 MPH)
Top of the 9th over - 1 run, 1 hit, 0 errors, 0 left on base; Chicago (APP) 1 - Grand Junction 31
Tuesday, September 13th , 2022 - OOTP Baseball 23.7 Build 88